cohdb
Replays
Latest Replays
All Replays
Popular Replays
Top Player Replays
Match Explorer
How It Works
Community
CoH3 Stats
Reddit
Sign in to upload your games and track your stats! →
Sign in with Steam
Match 41562016
Unlisted
Match 41562016
Overview
Messages
Build Orders
End
Kettenkrad Recon Vehicle
Construct Infanterie Kompanie
MG 42 Machine Gun Team
MG 42 Machine Gun Team
Selects Terror Battlegroup
Selects Machine Gun Camouflage
Pioneer Squad
MG 42 Machine Gun Team
Construct Panzergrenadier Kompanie
MG 42 Machine Gun Team
Pak 40 Anti-tank Gun Team
Medical Station
Support Elements
Nebelwerfer 42 Rocket Launcher Team
Pioneer Squad
Nebelwerfer 42 Rocket Launcher Team
Panzergrenadier Officer Quarters
251 Medium Carrier
Selects Contempt for the Weak
Selects Propaganda Leaflet Drop
Propaganda Leaflet Drop
StuG III G Assault Gun
Pioneer Squad
Construct Panzer Kompanie
Panzer IV Medium Tank
Propaganda Leaflet Drop
AI Takeover
苏大大
saw_7
고양이귀 에스텔
BootLeg
NanoLoki
J
0
0
Comments
sign in to comment!
No comments posted yet!